 Dungeon Crawl Stone Soup version 0.27-a0-577-ge2a43ba0c9 (webtiles) character file.

Game seed: 14252274453262448114

10 willcat the Sneak (level 2, 0/19 HPs)
             Began as an Octopode Brigand on Mar 9, 2021.
             Slain by a jackal (2 damage)
             ... on level 1 of the Dungeon.
             The game lasted 00:00:29 (341 turns).

willcat the Sneak (Octopode Brigand)                 Turns: 341, Time: 00:00:30

Health: 0/19       AC:  1    Str: 10    XL:     2   Next: 20%
Magic:  2/2        EV: 13    Int: 13    God:
Gold:   0          SH:  0    Dex: 13    Spells: 1/1 levels left

rFire    . . .     SeeInvis .   a - +2 dagger
rCold    . . .     Faith    .   (no shield)
rNeg     . . .     Spirit   .   (helmet restricted)
rPois    .         Reflect  .   (no amulet)
rElec    .         Harm     .   (no ring)
rCorr    .         Rampage  .   (no ring)
Will     .....                  (no ring)
Stlth    ++++......             (no ring)
HPRegen  0.06/turn              (no ring)
MPRegen  0.08/turn              (no ring)
                                (no ring)
                                (no ring)

@: no status effects
A: almost no armour, amphibious, 8 rings, constrict 8, camouflage 1, gelatinous
body 1, nimble swimmer 1
a: no special abilities


You were on level 1 of the Dungeon.
You visited 1 branch of the dungeon, and saw 1 of its levels.

Inventory:

Hand Weapons
 a - a +2 dagger (weapon)
Missiles
 b - 8 poisoned darts (quivered)
 c - 2 curare-tipped darts


   Skills:
 - Level 2.0 Fighting
 + Level 2.2 Short Blades
 - Level 2.0 Throwing
 + Level 1.5 Dodging
 + Level 5.5 Stealth


You had one spell level left.
You didn't know any spells.
Your spell library was empty.

Dungeon Overview and Level Annotations

Branches:
Dungeon (1/15)

Altars:


Innate Abilities, Weirdness & Mutations

You cannot wear most types of armour.
You are amphibious.
You can wear up to eight rings at the same time.
You can use your tentacles to constrict eight enemies at once.
Your skin changes colour to match your surroundings (Stealth+).
Your rubbery body absorbs attacks. (AC +1, EV +1)
You are stealthy while swimming. (Stealth+)


Message History

The hobgoblin barely misses you.
You hit the hobgoblin but do no damage. Your grab misses the hobgoblin.
Your squeeze misses the hobgoblin.
The hobgoblin is lightly wounded.
The hobgoblin hits you.
You hit the hobgoblin. Your grab misses the hobgoblin.
The hobgoblin is almost dead.
A jackal comes into view.
The hobgoblin misses you.
Unknown command.
Found 16 gold pieces.
You closely miss the jackal.
The jackal barks!
You grab the jackal. You squeeze the jackal.
You kill the jackal!
You hear a shout!
The bat hits you. The leopard gecko bites you.
As you read the scroll labelled QUSAEGU IPLOR, it crumbles to dust.
It is a scroll of identify.
You don't have any unidentified items.
The bat closely misses you. The hobgoblin hits you.
The leopard gecko barely misses you.
Unknown command.
The bat closely misses you. The jackal barely misses you. The bat hits you.
* * * LOW HITPOINT WARNING * * *
The hobgoblin misses you.
You aren't carrying any potions.
Unknown command.
The bat barely misses you. The jackal completely misses you.
The leopard gecko closely misses you. The leopard gecko bites you.
* * * LOW HITPOINT WARNING * * *
The bat closely misses you. The jackal bites you.
* * * LOW HITPOINT WARNING * * *
Unknown command.
You hit the jackal.
You kill the jackal!
The bat barely misses you. The jackal bites you.
You die...

.......
#.............
#.............
.............
#..$.........
#....#......#
######..###....#.#
#@lg........(.....
#bhh..........##.#
#.............##>
#................
#.......†##..###.#
#............... #
#........###.##..
##........## .# .
#..........# .#


You could see a leopard gecko, 2 jackals, a hobgoblin and a bat.

Vanquished Creatures
  A leopard gecko (D:1)
  2 hobgoblins (D:1)
  2 jackals (D:1)
  2 kobolds (D:1)
  A bat (D:1)
  A frilled lizard (D:1)
9 creatures vanquished.

Notes
Turn   | Place    | Note
-------+----------+-------------------------------------------
     0 | D:1      | willcat the Octopode Brigand began the quest for the Orb.
     0 | D:1      | Reached XP level 1. HP: 14/14 MP: 1/1
    48 | D:1      | Reached XP level 2. HP: 6/19 MP: 2/2
   341 | D:1      | Slain by a jackal

Illustrated notes

Levels and vault maps discovered:
D:1:      saegor_arrival_simple_c, layout_rooms, minmay_heptomino_o4

Action                   || total
-------------------------++-------
Melee: Dagger            ||    20
       Constrict         ||     4
       Tentacles         ||     2
Throw: Dart              ||     1
  Use: Scroll            ||     1
 Stab: Sleeping          ||     1
Armor: Skin              ||     3
Dodge: Dodged            ||    26

Table legend: (Time is in decaauts)
 A = Elapsed time spent in this place.
 B = Non-inter-level travel time spent in this place.
 C = Inter-level travel time spent in this place.
 D = Time resting spent in this place.
 E = Time spent auto-exploring this place.
 F = Levels seen in this place.
 G = Mean time per level.
                   A        B        C        D        E       F      G
               +--------+--------+--------+--------+--------+-----+--------+
         Total |    338 |    338 |      0 |    251 |     26 |   1 |  338.0 |
       Dungeon |    338 |    338 |      0 |    251 |     26 |   1 |  338.0 |
               +--------+--------+--------+--------+--------+-----+--------+

Top non-repeatable levels by time:
     D:1: 338 daAuts
